Map: Ephemeron LE

Players

ButAlwayssss - Winner!

  • Race: Protoss Protoss
  • League: Master
  • Spawn Location: 11:00

SKillous

  • Race: Protoss Protoss
  • League: Master
  • Spawn Location: 5:00

Event: NationWars 2019

VOD

Have the link to the VOD?

Description

Time

  • Played on: Nov. 16, 2019, 9:34 a.m.
  • Length: 8:14

All games in this series

Show
View Real Time Build Order
Export as new Build Order

ButAlwayssss Protoss - Winner!

Build Orders:  

Get SALT Encoding   

  12  0:01  Probe  
  13  0:13  Probe  
  14  0:18  Pylon  
  14  0:25  Probe (Chrono Boost)  
  15  0:37  Probe (Chrono Boost)  
  15  0:38  Gateway  
  16  0:45  Probe (Chrono Boost)  
  16  0:48  Assimilator  
  17  0:51  Probe  
  17  0:55  Assimilator  
  18  1:03  Probe (Chrono Boost)  
  19  1:09  Gateway  
  19  1:13  Probe (Chrono Boost)  
  19  1:18  Probe (Chrono Boost)  
  21  1:26  Cybernetics Core  
  21  1:30  Probe  
  22  1:35  Pylon  
  22  1:42  Probe  
  23  1:59  Warp Gate (Chrono Boost)  
  23  2:02  Stalker, Sentry  
  23  2:06  Pylon  
  27  2:17  Robotics Facility  
  27  2:28  Stalker  
  29  2:35  Stalker  
  31  2:40  Gateway  
  31  2:59  Stalker  
  31  3:01  Warp Prism (Chrono Boost)  
  35  3:09  Pylon  
  37  3:30  Observer  
  36  3:43  Stalker  
  36  3:44  Stalker  
  36  3:45  Stalker  
  42  3:49  Pylon  
  42  3:55  Robotics Bay  
  42  4:22  Adept x3  
  46  4:38  Disruptor (Chrono Boost)  
  49  4:55  Nexus  
  49  5:07  Disruptor (Chrono Boost)  
  49  5:10  Pylon  
  49  5:13  Observer  
  46  5:23  Observer  
  46  5:24  Adept x2  
  46  5:25  Adept  
  46  5:27  Probe  
  53  5:45  Disruptor  
  56  5:53  Observer  
  56  5:56  Adept x2  
  60  5:58  Zealot  
  62  6:07  Pylon  
  62  6:21  Adept x3  
  68  6:34  Disruptor (Chrono Boost)  
  71  6:45  Zealot x2  
  75  6:48  Adept  
  75  7:06  Immortal (Chrono Boost)  
  67  7:12  Adept  
  73  7:21  Adept x2  
  73  7:41  Disruptor (Chrono Boost)  
  72  7:50  Adept x2, Zealot  
Show
View Real Time Build Order
Export as new Build Order

SKillous Protoss 

Build Orders:  

Get SALT Encoding   

  12  0:01  Probe  
  13  0:13  Probe  
  14  0:17  Pylon  
  14  0:25  Probe  
  15  0:35  Gateway  
  15  0:37  Probe (Chrono Boost)  
  16  0:47  Probe (Chrono Boost), Assimilator  
  17  0:52  Probe (Chrono Boost)  
  17  0:55  Assimilator  
  18  1:04  Probe (Chrono Boost)  
  19  1:11  Gateway  
  19  1:14  Probe (Chrono Boost)  
  20  1:20  Probe  
  20  1:25  Cybernetics Core  
  21  1:33  Probe  
  21  1:36  Pylon  
  22  1:45  Probe  
  23  1:57  Probe  
  23  2:01  Stalker, Sentry  
  28  2:15  Pylon  
  28  2:20  Probe  
  29  2:28  Sentry  
  31  2:33  Stalker  
  33  2:46  Nexus  
  33  2:50  Probe  
  33  2:59  Robotics Facility  
  33  3:02  Probe  
  34  3:08  Shield Battery  
  34  3:13  Sentry  
  34  3:15  Stalker  
  38  3:24  Pylon  
  38  3:33  Shield Battery  
  38  3:34  Shield Battery  
  38  3:41  Warp Gate (Chrono Boost)  
  38  3:52  Immortal (Chrono Boost)  
  42  3:58  Sentry  
  42  4:01  Probe  
  44  4:21  Immortal (Chrono Boost)  
  49  4:29  Pylon  
  49  4:30  Shield Battery  
  48  4:35  Sentry  
  50  4:39  Stalker  
  50  4:41  Probe  
  54  4:47  Shield Battery  
  54  4:50  Probe  
  54  4:53  Warp Prism (Chrono Boost)  
  56  5:05  Shield Battery  
  57  5:07  Probe  
  57  5:08  Pylon, Probe  
  58  5:19  Probe  
  59  5:22  Adept  
  59  5:26  Pylon  
  59  5:28  Stargate  
  61  5:34  Adept  
  61  5:45  Stalker  
  63  5:50  Pylon  
  63  5:52  Immortal (Chrono Boost)  
  56  6:02  Stalker  
  57  6:11  Stalker  
  59  6:15  Shield Battery  
  59  6:18  Gateway  
  59  6:22  Phoenix (Chrono Boost)  
  61  6:30  Adept  
  63  6:35  Probe  
  64  6:45  Phoenix (Chrono Boost)  
  66  6:48  Zealot  
  66  6:51  Pylon  
  62  7:03  Phoenix (Chrono Boost)  
  62  7:08  Zealot x2  
  68  7:09  Probe  
  68  7:10  Probe  
  68  7:14  Assimilator  
  70  7:16  Assimilator  
  70  7:18  Pylon  
  70  7:20  Zealot  
  70  7:21  Probe  
  69  7:32  Phoenix (Chrono Boost)  
  69  7:35  Zealot x2  
  67  7:38  Probe  
  64  7:45  Stalker  
  64  7:50  Probe  
  64  7:51  Probe  
  62  7:57  Zealot x2  
Tags
 
Add a new tag
Caveats
  • Supply blocks, unpowered buildings, or Contaminate may cause inaccurate times.
  • Supply counts are checked every 10 seconds.